AoeStats
← OSMANE38

Arena

510359577Analyzed
3v3 RM · 1d ago on Sep 30, 2026· 65m 51s· 6 players
Game mode
Random Map
Map size
Normal (6 player)
Population
200
Speed
Normal
Resources
Standard
Victory
Conquest
Starting age
Dark Age
Ending age
Imperial Age
RankedLock teamsTeams togetherTeam positionsShared explorationLock speedFull tech treeHidden civsTurbo modeCheats
Victory
Defeat
🇪🇸 Saxons · Spain
907
+16
🇩🇪 Turks · Germany
896
+16
🇵🇱 Britons · Poland
872
+17
🇸🇰 Teutons · Slovakia
904
-17
🇸🇰 Turks · Slovakia
899
-16
🇳🇱 Huns · Netherlands
897
-16
MrFractal
10:25 Feudal Age
14:08 Castle Age
13:07 Double-Bit Axe
15:19 Bow Saw
18:16 Horse Collar
19:30 Loom
19:32 Town Watch
20:23 Wheelbarrow
21:31 Heavy Plow
28:37 Imperial Age
26:40 Hand Cart
26:54 Gold Mining
26:54 Stone Mining
27:31 Town Patrol
27:25 Fletching
28:42 Gold Shaft Mining
28:20 Forging
28:11 Scale Mail Armor
28:04 Gambesons
28:22 Squires
31:11 Two-Man Saw
30:30 Chain Mail Armor
30:51 Iron Casting
30:12 Bodkin Arrow
29:44 Elite Skirmisher
32:27 Plate Mail Armor
31:21 Pikeman
31:46 Arson
32:30 Conscription
33:38 Blast Furnace
34:07 Bracer
34:11 Murder Holes
34:38 Ballistics
35:19 Chemistry
34:00 Treadmill Crane
34:26 Siege Engineers
34:32 Masonry
35:09 Halberdier
37:44 Fortified Wall
39:33 Hoardings
45:18 Yeomen
44:59 Warwolf
45:05 Padded Archer Armor
53:38 Leather Archer Armor
53:55 Architecture
59:16 Elite Longbowman
64:08 Ring Archer Armor
Spartanx
9:20 Feudal Age
12:02 Double-Bit Axe
17:04 Castle Age
17:04 Horse Collar
19:01 Bow Saw
18:53 Heavy Plow
22:11 Caravan
23:53 Scale Mail Armor
24:04 Forging
23:55 Padded Archer Armor
23:46 Fletching
26:07 Chain Mail Armor
26:09 Squires
25:58 Gambesons
29:04 Iron Casting
31:37 Leather Archer Armor
31:18 Bodkin Arrow
33:15 Arson
37:54 Imperial Age
36:04 Wheelbarrow
37:09 Hand Cart
37:58 Masonry
39:14 Plate Mail Armor
38:26 Elite Hearth Troop
39:33 Conscription
39:47 Town Watch
40:00 Capped Ram
42:06 Crop Rotation
42:39 Two-Man Saw
41:22 Elite Varangian Guard
43:23 Chemistry
44:54 Ring Archer Armor
45:44 Siege Ram
51:09 Bracer
57:32 Shield Wall
58:53 Hoardings
58:10 Heavy Scorpion
60:48 Architecture
60:40 Ballistics
OSMANE38
0:42 Loom
11:18 Feudal Age
21:19 Stone Mining
26:37 Castle Age
24:37 Double-Bit Axe
24:36 Horse Collar
25:10 Man-at-Arms
29:49 Wheelbarrow
31:54 Gold Mining
34:43 Bow Saw
37:16 Gold Shaft Mining
37:14 Hand Cart
36:45 Town Watch
38:10 Heavy Plow
38:49 Forging
43:05 Imperial Age
42:19 Fletching
44:19 Town Patrol
45:51 Two-Man Saw
46:24 Elite Janissary
47:05 Artillery
47:41 Hoardings
46:52 Sappers
47:43 Conscription
54:50 Bombard Tower
54:41 Masonry
54:12 Treadmill Crane
57:40 Husbandry
MonsieurDean
8:50 Loom
11:19 Feudal Age
12:23 Loom
13:10 Horse Collar
19:03 Castle Age
23:38 Double-Bit Axe
24:04 Heavy Plow
25:10 Wheelbarrow
25:16 Fletching
25:34 Scale Barding Armor
25:40 Forging
25:54 Bow Saw
26:23 Marauders
31:26 Imperial Age
30:04 Hand Cart
30:39 Bodkin Arrow
31:20 Iron Casting
30:50 Squires
32:09 Caravan
32:56 Ballistics
32:47 Masonry
32:35 Murder Holes
32:59 Pikeman
34:20 Capped Ram
36:35 Blast Furnace
35:45 Padded Archer Armor
35:48 Bracer
37:27 Two-Man Saw
37:30 Heavy Cavalry Archer
37:51 Halberdier
38:38 Scale Mail Armor
39:34 Thumb Ring
39:55 Parthian Tactics
40:18 Padded Archer Armor
41:52 Chemistry
42:24 Atheism
45:26 Conscription
44:28 Elite Skirmisher
58:17 Elite Tarkan
64:11 Siege Ram
Anaiah
3:18 Loom
3:48 Loom
11:35 Feudal Age
13:07 Wheelbarrow
17:08 Castle Age
15:34 Double-Bit Axe
15:31 Horse Collar
17:06 Fletching
17:18 Gold Mining
18:09 Bloodlines
19:08 Bow Saw
19:54 Husbandry
23:33 Forging
23:29 Scale Barding Armor
23:37 Heavy Plow
27:49 Squires
27:58 Thumb Ring
27:57 Padded Archer Armor
30:28 Stone Mining
34:00 Imperial Age
32:28 Hand Cart
33:05 Gold Shaft Mining
32:36 Bodkin Arrow
36:06 Ballistics
36:12 Conscription
36:35 Bracer
37:11 Iron Casting
36:57 Chain Barding Armor
36:53 Leather Archer Armor
39:10 Bombard Tower
39:23 Murder Holes
40:24 Hoardings
42:22 Blast Furnace
41:41 Caravan
44:44 Plate Barding Armor
44:40 Ring Archer Armor
46:25 Elite Janissary
49:34 Two-Man Saw
53:16 Artillery
60:24 Man-at-Arms
teatrex
2:35 Loom
12:10 Feudal Age
13:10 Man-at-Arms
13:43 Horse Collar
13:51 Double-Bit Axe
14:10 Gold Mining
15:22 Scale Mail Armor
15:34 Arson
16:48 Forging
22:25 Castle Age
23:14 Wheelbarrow
22:37 Long Swordsman
23:03 Gambesons
25:32 Pikeman
27:18 Squires
28:07 Chain Mail Armor
28:28 Iron Casting
28:54 Bow Saw
28:47 Heavy Plow
32:20 Imperial Age
31:25 Stone Mining
33:08 Ballistics
34:54 Chemistry
34:14 Fletching
34:24 Padded Archer Armor
35:43 Crop Rotation
36:17 Two-Man Saw
35:54 Stone Shaft Mining
36:20 Bodkin Arrow
36:56 Two-Handed Swordsman
38:26 Conscription
41:15 Hand Cart
41:22 Elite Teutonic Knight
44:46 Blast Furnace
44:17 Plate Mail Armor
45:08 Siege Engineers
44:28 Capped Ram
50:15 Elite Skirmisher
53:13 Leather Archer Armor
57:56 Ring Archer Armor
Connection lost

Rejoining the realm…

Still unreachable

The connection could not be restored.

Session expired

The server has moved on; the page needs a fresh start.